 Dungeon Crawl Stone Soup version 0.29-a0-297-g7659ce593d (webtiles) character file.

Game seed: 647763677328218822

65 kae the Firebug (level 4, -7/25 HPs)
             Began as a Tengu Fire Elementalist on Mar 21, 2022.
             Killed by divine providence
             ... invoked by an orc priest
              (16 damage)
             ... on level 3 of the Dungeon.
             The game lasted 00:01:30 (3307 turns).

kae the Firebug (Tengu Fire Elementalist)           Turns: 3307, Time: 00:01:31

Health: -7/25      AC:  3    Str:  7 (8)  XL:     4   Next: 14%
Magic:  8/8        EV: 12    Int: 16 (17) God:
Gold:   181        SH:  0    Dex: 13 (15) Spells: 6/7 levels left

rFire   . . .      SeeInvis .   p - +0 dagger (flame)
rCold   . . .      Faith    .   (no shield)
rNeg    . . .      Spirit   .   a - +0 robe
rPois   .          Reflect  .   (helmet restricted)
rElec   .          Harm     .   f - +0 cloak
rCorr   .          Rampage  .   (no gloves)
Will    .....                   (boots unavailable)
Stlth   ++........              (no amulet)
HPRegen 0.08/turn               (no ring)
MPRegen 0.11/turn               (no ring)

@: attractive
A: beak, talons 3
a: no special abilities


You were on level 3 of the Dungeon.
You visited 1 branch of the dungeon, and saw 3 of its levels.

You collected 181 gold pieces.

Inventory:

Hand Weapons
 d - a +0 long sword
 p - a +0 dagger of flaming (weapon)
Armour
 a - a +0 robe (worn)
 f - a +0 cloak (worn)
Scrolls
 c - 3 scrolls of vulnerability
 i - 2 scrolls of magic mapping {unknown}
 j - a scroll of immolation {unknown}
 k - 3 scrolls of identify {unknown}
Potions
 b - a potion of magic
 n - a potion of ambrosia {unknown}
 o - a potion of lignification {unknown}


   Skills:
 + Level 1.3 Fighting
 - Level 2.1 Dodging
 - Level 2.0 Stealth
 + Level 2.4 Spellcasting
 + Level 2.5 Conjurations
 * Level 4.2 Fire Magic


You had 6 spell levels left.
You knew the following spells:

 Your Spells              Type           Power      Damage    Failure   Level
a - Foxfire               Conj/Fire      48%        2x1d6     4%          1

Your spell library contained the following spells:

 Spells                   Type           Power      Damage    Failure   Level
 Scorch                   Fire           30%        2d6       5%          2
 Conjure Flame            Conj/Fire      12%        6-21      14%         3
 Inner Flame              Hex/Fire       8%         N/A       26%         3
 Flame Wave               Conj/Fire      12%        2d6       43%         4


Dungeon Overview and Level Annotations

Branches:
Dungeon (3/15)

Altars:
Trog

Shops:
D:3 =

Annotations:
D:2 Sigmund


Innate Abilities, Weirdness & Mutations

You have a beak for a mouth.
You have claws for feet.


Message History

An orc priest is nearby!
Casting: Foxfire (safe; 4% risk of failure)
Confirm with . or Enter, or press ? or * to list all spells.
You conjure some foxfire!
The foxfire hits the orc priest but does no damage.
An orc wizard, an orc priest and an orc come into view.
The orc wizard is wielding a +0 dagger of speed.
The orc wizard shouts!
The orc priest shouts!
The orc wizard moves out of view.
An orc comes into view. It is wielding a +0 flail.
The orc shouts!
You hit the orc priest but do no damage.
You claw the orc priest.
The orc priest is lightly wounded.
The orc priest mumbles some strange prayers to Beogh against you.
Beogh smites you!
It was a potion of degeneration.
There was something very wrong with that liquid.
You feel weakened.
You feel dopey.
You feel clumsy. The orc priest hits you with a +0 club.
It was a potion of attraction.
You feel attractive to monsters.
The orc priest looks braver for a moment.
The orc priest barely misses you. The orc is attracted toward you.
The orc priest is attracted toward you. The orc wizard is attracted toward you.
Okay, then.
As you read the scroll of teleportation, it crumbles to dust.
You feel strangely unstable. The orc is attracted toward you.
The orc priest is attracted toward you. The orc wizard is attracted toward you.
It was a potion of curing.
You feel better. The orc barely misses you.
The orc priest mumbles some strange prayers to Beogh against you.
Beogh smites you!
It was a potion of cancellation.
You feel strangely stable.
Your magical effects are unravelling.
You feel magically purged.
The orc priest mumbles some strange prayers to Beogh against you.
Beogh smites you!
Ouch! That really hurt!
You die...

#...##..##.##.#
#.........#.#.#
#..##...###...
#..##....#...#
#..##........#
#..##.######.#
#............#
######...†......###
#o@....###......#
#o###### #.##...#
#o# #.##...# #o#
#.##.(.# #§#
#.##...# #.#
#.##...## #§#
#.##....# #o#
......#.## .o.
.........#


You could see 2 orc priests, an orc wizard and an orc.

Vanquished Creatures
  Robin (D:1)
  3 dart slugs
  An orc (D:3)
  4 endoplasms
  A giant cockroach (D:2)
  9 goblins
  6 hobgoblins
  3 ball pythons (D:3)
  4 bats
  6 frilled lizards
  2 kobolds
  7 rats
47 creatures vanquished.

Vanquished Creatures (others)
  54 foxfires
54 creatures vanquished.

Grand Total: 101 creatures vanquished

Notes
Turn   | Place    | Note
-------+----------+-------------------------------------------
     0 | D:1      | kae the Tengu Fire Elementalist began the quest for the
                  | Orb.
     0 | D:1      | Reached XP level 1. HP: 10/10 MP: 4/4
   167 | D:1      | Reached XP level 2. HP: 16/16 MP: 4/6
   243 | D:1      | Found a faded altar of an unknown god.
  1012 | D:2      | Noticed Robin
  1516 | D:1      | Killed Robin
  1517 | D:1      | Reached skill level 1 in Fighting
  1517 | D:1      | Reached XP level 3. HP: 12/20 MP: 2/7
  1667 | D:2      | Noticed Sigmund
  1696 | D:2      | Found a bloodstained altar of Trog.
  1835 | D:2      | Reached skill level 4 in Fire Magic
  3024 | D:3      | Reached XP level 4. HP: 25/25 MP: 6/8
  3149 | D:3      | Found Uwyt's Jewellery Boutique.
  3307 | D:3      | Killed from afar by an orc priest

Illustrated notes

Levels and vault maps discovered:
D:1:      psy_arrival_spokes, layout_loops_cross,
          shapermc_ecumenical_altar_totnotflames
D:2:      layout_basic, basic_altar, minmay_pentomino_x2, uniq_robin,
          uniq_sigmund
D:3:      layout_loops_ring, serial_shops, shop, minmay_misc_feat_roman

Skill      XL: |  1  2  3 |
---------------+----------+-----
Conjurations   | 2 |  2.5
Fighting       | 1 |  1.3
Fire Magic     | 4 |  4.2
Dodging        | |  2.1
Stealth        | |  2.0
Spellcasting   | |  2.4

Action                   |  1- 3 |  4- 6 || total
-------------------------+-------+-------++-------
Melee: Long sword        |    38 |       ||    38
       Kick              |    10 |     3 ||    13
       Peck              |     5 |       ||     5
       Dagger            |       |     7 ||     7
       Punch             |       |     1 ||     1
 Cast: Foxfire           |    27 |     7 ||    34
  Use: Scroll            |     4 |     1 ||     5
       Potion            |       |     4 ||     4
 Stab: Sleeping          |     2 |       ||     2
Armor: Robe              |    18 |     3 ||    21
Dodge: Dodged            |    32 |     8 ||    40

Table legend: (Time is in decaauts)
 A = Elapsed time spent in this place.
 B = Non-inter-level travel time spent in this place.
 C = Inter-level travel time spent in this place.
 D = Time resting spent in this place.
 E = Time spent auto-exploring this place.
 F = Levels seen in this place.
 G = Mean time per level.
                   A        B        C        D        E       F      G
               +--------+--------+--------+--------+--------+-----+--------+
         Total |   3325 |   3252 |     73 |    471 |   2411 |   3 | 1108.3 |
       Dungeon |   3325 |   3252 |     73 |    471 |   2411 |   3 | 1108.3 |
               +--------+--------+--------+--------+--------+-----+--------+

Top non-repeatable levels by time:
     D:1: 1466 daAuts
     D:2: 1347 daAuts
     D:3: 511 daAuts
